 Dungeon Crawl Stone Soup version 0.31.0-11-ge490571c62 (webtiles) character file.

Game seed: 6546816865549830200

175216 browni3141 the Warrior (level 17, -20/229 HPs)
             Began as a Demonspawn Cinder Acolyte on Jan 31, 2024.
             Was an Initiate of Gozag.
             Demolished by a naga
             ... wielding a +0 halberd
              (36 damage)
             ... on level 4 of the Snake Pit on Feb 1, 2024.
             The game lasted 00:56:10 (32751 turns).

browni3141 the Warrior (Demonspawn Cinder Acolyte) Turns: 32751, Time: 00:56:11

Health: -20/229    AC: 19    Str: 20    XL:     17   Next: 46%
Magic:  19/19      EV: 17    Int: 19    God:    Gozag
Gold:   2301       SH:  8    Dex: 14    Spells: 16/18 levels left

rFire   + . .        t - +2 short sword (elec)
rCold   + + .        K - +2 buckler {reflect}
rNeg    . . .        h - +0 chain mail
rPois   +            a - +0 helmet of Defiance {Slay+5}
rElec   +            T - +0 cloak
rCorr   +            S - +0 pair of gloves
SInv    .            (no boots)
Will    +++..        g - necklace of Bloodlust {Fury *Rage Will++ Int-3 Slay+6} Stlth
                     R - +5 ring of evasion
HPRegen 1.58/turn    W - +6 ring of strength
MPRegen 0.16/turn

%: random rage (50%), reflection
@: mighty, brilliant, berserking, lethally poisoned (-20 -> -21), resistant,
weakened, gold aura, hasted, very quick
A: hooves 2, thin skeletal structure 2, icemail 2, powered by death 2,
augmentation 2, condensation shield, cold resistance 1
a: Renounce Religion, Potion Petition, Call Merchant, Bribe Branch


You were on level 4 of the Snake Pit.
You worshipped Gozag.
Gozag was most pleased with you.
You visited 4 branches of the dungeon, and saw 26 of its levels.
You also visited: Sewer and Ossuary.

You collected 7065 gold pieces.
You spent 1397 gold pieces at shops.
You paid 3367 gold pieces to Gozag.

Inventory:

Hand Weapons
 s - a +0 rapier
 t - a +2 short sword of electrocution (weapon)
Missiles
 i - 5 throwing nets
 w - 11 curare-tipped darts
Armour
 a - the +0 helmet of Defiance (worn) {Slay+5}
   (You bought it in a shop on level 2 of the Orcish Mines)

   Slay+5:    It affects your accuracy & damage with ranged weapons and melee
   (+5).
 h - a +0 chain mail (worn)
 K - a +2 buckler of reflection (worn)
 S - a +0 pair of gloves (worn)
 T - a +0 cloak (worn)
Jewellery
 g - the necklace of Bloodlust (around neck) {Fury *Rage Will++ Int-3 Slay+6}
   (You bought it in a shop on level 2 of the Orcish Mines)

   [amulet of nothing]

   Fury:      It extends the wearer's berserk rage when killing foes.
   Int-3:     It affects your intelligence (-3).
   Slay+6:    It affects your accuracy & damage with ranged weapons and melee
   (+6).
   Will++:    It greatly increases your willpower.
   *Rage:     It berserks you when you make melee attacks (+50% chance).
 y - a ring of protection from cold
 R - a +5 ring of evasion (left hand)
 W - a +6 ring of strength (right hand)
 Y - a ring of flight
Wands
 b - a wand of digging (7)
 m - a wand of mindburst (12)
 E - a wand of roots (17)
 H - a wand of paralysis (25)
 Q - a wand of flame (5)
Scrolls
 c - 5 scrolls of fear
 n - 4 scrolls of amnesia {unknown}
 p - 5 scrolls of vulnerability
 r - 3 scrolls of identify
 A - 10 scrolls of teleportation {unknown}
 C - 3 scrolls of noise {unknown}
 F - 3 scrolls of revelation {unknown}
 G - 2 scrolls of torment
 I - 4 scrolls of enchant weapon {unknown}
 J - 6 scrolls of poison {unknown}
 L - 3 scrolls of fog {unknown}
 N - 3 scrolls of blinking
 O - 6 scrolls of immolation {unknown}
 P - 3 scrolls of butterflies
 V - 2 scrolls of enchant armour
 X - a scroll of brand weapon
Potions
 d - 6 potions of haste
 e - 7 potions of mutation
 f - 4 potions of resistance
 k - 6 potions of attraction
 o - a potion of magic {unknown}
 q - 2 potions of enlightenment
 u - 9 potions of curing
 v - 3 potions of degeneration
 x - 2 potions of brilliance
 z - 2 potions of might
 B - 7 potions of invisibility {unknown}
 D - a potion of cancellation
 M - 5 potions of lignification
 U - a potion of ambrosia
 Z - 2 potions of heal wounds
Miscellaneous
 l - a sack of spiders


   Skills:
 + Level 19.5 Fighting
 - Level 10.0 Short Blades
 + Level 17.7 Armour
 + Level 9.8 Dodging
 + Level 8.5 Shields
 - Level 1.3 Spellcasting
 - Level 2.9 Fire Magic


You had 16 spell levels left.
You knew the following spells:

 Your Spells              Type           Power      Damage    Failure   Level
a - Scorch                Fire           36%        2d6       36%         2

Your spell library contained the following spells:

 Spells                   Type           Power      Damage    Failure   Level
 Sting                    Conj/Alch      4%         1d3       63%         1
 Cigotuvi's Dreadful Rot  Necr/Alch/Air  2%         N/A       77%         2
 Mercury Vapours          Alch/Air       2%         N/A       77%         2
 Sublimation of Blood     Necr           1%         N/A       77%         2
 Dazzling Flash           Conj/Hex       2%         N/A       94%         3
 Mephitic Cloud           Conj/Alch/Air  1%         N/A       94%         3
 Ozocubu's Armour         Ice            1%         N/A       94%         3
 Summon Ice Beast         Ice/Summ       1%         N/A       94%         3
 Tukima's Dance           Hex            1%         N/A       94%         3
 Animate Armour           Summ/Erth      2%         N/A       100%        4
 Cause Fear               Hex            0%         N/A       100%        4
 Dimensional Bullseye     Hex/Tloc       0%         N/A       100%        4
 Dispel Undead            Necr           1%         3d6       100%        4
 Iskenderun's Mystic Bla  Conj/Tloc      1%         2d3       100%        4
 Martyr's Knell           Necr/Summ      1%         N/A       100%        4
 Olgreb's Toxic Radiance  Alch           1%         N/A       100%        4
 Petrify                  Alch/Erth      1%         N/A       100%        4
 Summon Lightning Spire   Summ/Air       1%         N/A       100%        4
 Alistair's Intoxication  Alch           0%         N/A       100%        5
 Borgnjor's Vile Clutch   Necr/Erth      0%         N/A       100%        5
 Curse of Agony           Necr           1%         N/A       100%        5
 Fireball                 Conj/Fire      5%         3d5       100%        5
 Freezing Cloud           Conj/Ice/Air   0%         6-21      100%        5
 Irradiate                Conj/Alch      0%         3d11      100%        5
 Lee's Rapid Deconstruct  Erth           0%         3d4*      100%        5
 Metabolic Englaciation   Hex/Ice        0%         N/A       100%        5
 Silence                  Hex/Air        0%         N/A       100%        5
 Summon Forest            Summ/Tloc      0%         N/A       100%        5
 Summon Mana Viper        Hex/Summ       1%         N/A       100%        5
 Death Channel            Necr           0%         N/A       100%        6
 Dispersal                Tloc           0%         N/A       100%        6
 Eringya's Noxious Bog    Alch           0%         4d6       100%        6
 Sculpt Simulacrum        Ice/Alch       0%         N/A       100%        6
 Summon Cactus Giant      Summ           0%         N/A       100%        6
 Monstrous Menagerie      Summ           0%         N/A       100%        7
 Summon Hydra             Summ           0%         N/A       100%        7
 Dragon's Call            Summ           0%         N/A       100%        9


Dungeon Overview and Level Annotations

Branches:
Dungeon (15/15)            Temple (0/1) D:7            Lair (5/5) D:11
  Swamp (0/4) Lair:3        Snake (4/4) Lair:2          Orc (2/2) D:10
    Elf (0/3) Orc:2        Vaults (0/5) D:13         Depths (0/4) D:15
  Sewer (visited)         Ossuary (visited)
  Slime: Lair:4-5

Altars:
Gozag
Hepliaklqana
Kikubaaqudgha
Nemelex Xobeh
Okawaru
Qazlal
Ru
Trog
Uskayaw
Wu Jian
Xom
Yredelemnul
Jiyva

Shops:
D:6 [   D:10 [   Orc:1 ?   Orc:2 =[*(   Snake:4 [=!

Portals:
Abyss: Lair:5

Annotations:
D:4 1 runed translucent door, SnakkuSnakku7's ghost, amateur MfCj
D:6 1 runed translucent door
Lair:4 1 runed translucent door, exclusion: 4 oklob plants, wingedge's ghost, journeyman DgEE
Lair:5 2 transporters, Wisaq's ghost, journeyman HOFi
Snake:2 2 transporters, mif's ghost, journeyman MiBe


Innate Abilities, Weirdness & Mutations

You have hoof-like feet.
You have a moderately thin skeletal structure. (Dex +4, Stealth++)
A meltable icy envelope protects you from harm. (AC +0)
You regenerate health from kills.
Your magical and physical power is enhanced at high health.
A meltable shield of frost defends you. (SH +0)
Your flesh is cold resistant. (rC+)


Message History

The salamander mystic barely misses you.
The salamander tyrant gazes fiercely through you!
You feel as though you will be weak longer.
You block the salamander tyrant's attack.
You puncture the salamander tyrant! You kick the salamander tyrant!!
The salamander tyrant is almost dead.
You puncture the salamander tyrant!
The necklace of Bloodlust glows a violent red.
You kill the salamander tyrant!
You block the naga's attack.
You hit the naga sharpshooter.
The naga sharpshooter is lightly wounded.
You feel sick. You block the salamander's attack.
You hit the naga sharpshooter. You kick the naga sharpshooter!
The naga sharpshooter is moderately wounded.
You puncture the naga sharpshooter! Your kick misses the naga sharpshooter.
The naga sharpshooter is moderately wounded.
The naga misses you.
You closely miss the naga sharpshooter. You kick the naga sharpshooter.
The naga sharpshooter is moderately wounded.
You feel sick. The salamander misses you.
The salamander mystic hits you but does no damage.
The naga sharpshooter mumbles some strange words.
The naga sharpshooter magically shoots an arrow.
You block the arrow with your +2 buckler of reflection... and reflect it back!
You hit the naga sharpshooter.
Lightning courses through the naga sharpshooter!
You kick the naga sharpshooter.
The naga sharpshooter is heavily wounded.
You puncture the naga sharpshooter! You kick the naga sharpshooter!
The naga sharpshooter is severely wounded.
You feel sick.
You are no longer poisoned.
The naga misses you.
You hit the naga sharpshooter.
The naga sharpshooter is almost dead.
The salamander hits you.
You are engulfed in flames.
You resist.
The naga sharpshooter casts a spell.
The naga sharpshooter magically shoots an arrow.
The arrow closely misses you. The naga warrior barely misses you.
The naga warrior closely misses you.
The salamander mystic hits you with a +0 scimitar.
You are engulfed in flames!
You resist.
You puncture the naga sharpshooter! Your kick misses the naga sharpshooter.
The naga sharpshooter is almost dead.
You hit the naga sharpshooter.
The necklace of Bloodlust glows a violent red.
You kill the naga sharpshooter!
The naga spits poison at you. The splash of poison hits you.
You are poisoned.
You resist.
You closely miss the naga warrior.
The naga warrior is almost dead.
You feel sick. The salamander barely misses you.
The salamander mystic is distracted by your dazzling golden aura.
The naga warrior hits you with a +0 morningstar!
You block the naga warrior's attack.
You hit the naga warrior but do no damage.
The naga warrior is almost dead.
You feel sick.
You puncture the naga warrior!
Lightning courses through the naga warrior!!
You kill the naga warrior!
You feel sick. The naga barely misses you.
The salamander is distracted by your dazzling golden aura.
You puncture the salamander!
The salamander is no longer distracted by gold.
Your kick misses the salamander.
The salamander is severely wounded.
You hit the salamander.
The salamander is severely wounded.
You feel sick.
You puncture the salamander!
The salamander is almost dead.
The salamander hits you but does no damage.
The naga spits poison at you.
Your +2 buckler of reflection blocks the splash of poison... and reflects it back!
The splash of poison hits the naga.
The naga is poisoned.
You closely miss the salamander. Your kick misses the salamander.
The salamander is almost dead.
You feel sick.
You hit the salamander. Your kick misses the salamander.
The salamander is almost dead.
You hit the salamander.
The necklace of Bloodlust glows a violent red.
You kill the salamander!
The naga hits you from afar with a +0 halberd!
You hit the salamander mystic.
The salamander mystic is no longer distracted by gold.
Your kick misses the salamander mystic.
The salamander mystic is lightly wounded.
You feel sick.
You puncture the salamander mystic! You kick the salamander mystic!
The salamander mystic is moderately wounded.
The salamander mystic casts a spell at the naga.
The naga seems to speed up.
The naga hits you from afar with a +0 halberd!!!
You die...
Your body crumbles into a pile of gold.

######
##N....#.
##$.......
####@$.#
####...N$##
####
###........#
#..##
#..#####...#
###.# #.##
##### #.##
#..# #..####
##.##
####.#...#
##.##
#...##...# .
##.##
#....#...#


You could see a salamander mystic (strong) and a naga (fast, strong, poisoned).

Vanquished Creatures
  Vashnia (Snake:3)
  Rupert (Lair:3)
  Mlioglotl (Snake:2)
  Asterion (Snake:3)
  Frances (D:14)
  Aizul (Snake:3)
  A fire giant (D:12)
  4 nagarajas
  A frost giant (D:12)
  An orc warlord (Orc:2)
  A dire elephant (D:15)
  Snorg (Orc:1)
  Erolcha (Orc:2)
  2 salamander tyrants
  A great orb of eyes (D:12)
  5 hydras
  An ogre mage (D:12)
  Erica (D:11)
  A catoblepas (Lair:5)
  9 anacondas
  2 boulder beetles
  5 centaur warriors
  3 two-headed ogres
  6 naga warriors
  Urug (Orc:2)
  17 naga sharpshooters
  9 death yaks
  An orc high priest (Orc:2)
  10 shock serpents
  2 salamander mystics (Snake:4)
  A deep elf knight (D:13)
  A skeletal warrior (D:13)
  2 skysharks (Lair:5)
  8 mana vipers
  5 naga ritualists
  5 orc knights
  6 deep elf pyromancers
  2 wolf spiders
  4 orc sorcerers
  17 elephants
  3 cyclopes
  25 ugly things
  8 manticores
  11 salamanders
  A black mamba (shapeshifter) (D:12)
  2 kobold blastminers
  6 guardian serpents
  41 black mambas
  19 naga magi
  3 centaur skeletons (D:13)
  16 cane toads
  An unseen horror (D:11)
  3 yaktaurs (D:13)
  A kobold demonologist (D:13)
  Jeremiah (D:7)
  8 rime drakes
  4 tengu conjurers
  4 komodo dragons
  A troll (D:12)
  7 polar bears
  12 hornets
  11 blink frogs
  Prince Ribbit (D:8)
  Grinder (Sewer)
  8 slime creatures (D:12)
  8 dream sheep
  A shapeshifter (D:13)
  12 spriggans (Lair:5)
  2 shadows
  2 vampires
  19 fire elementals
  4 basilisks
  4 wyverns
  2 wraiths
  65 yaks
  A warg (D:10)
  A steam dragon (D:9)
  7 vampire mosquitoes (D:13)
  Menkaure (D:7)
  33 nagas
  2 acid dragons (D:12)
  9 water moccasins
  Duvessa (D:7)
  4 sky beasts
  2 laughing skulls (D:14)
  34 orc warriors
  2 ice beasts (D:7)
  5 black bears
  4 boggarts (Lair:5)
  3 ogres
  38 wolves
  17 centaurs
  A phantom (Sewer)
  3 kobold brigands
  9 bullfrogs
  A necrophage (Sewer)
  4 two-headed ogre simulacra (D:12)
  A gnoll sergeant (D:6)
  5 scorpions (Ossuary)
  3 wights (D:7)
  Dowan (D:7)
  An elephant simulacrum (D:12)
  20 killer bees (D:9)
  3 howler monkeys
  An electric eel (Lair:4)
  2 centaur zombies (Ossuary)
  4 jellies
  2 bombardier beetles
  4 hounds
  23 orc priests
  2 human zombies (Ossuary)
  3 sleepcaps
  Jessica (D:2)
  2 iguanas
  31 orc wizards
  11 scorpion zombies
  A polar bear simulacrum (D:12)
  A spriggan simulacrum (D:12)
  A boggart skeleton (D:13)
  A troll simulacrum (D:12)
  3 mummies (Ossuary)
  12 adders
  8 gnolls (D:6)
  2 howler monkey skeletons (D:6)
  2 river rats (D:5)
  7 shadow imps
  A white imp (D:7)
  5 ufetubi
  4 adder zombies
  2 ribbon worms
  A dart slug (D:2)
  65 orcs
  9 ball pythons
  A bat zombie (Sewer)
  10 endoplasms
  12 giant cockroaches
  8 goblins
  9 hobgoblins
  9 jackals
  19 kobolds
  9 quokkas
  A ball python zombie (Ossuary)
  6 bats
  3 frilled lizards
  2 gnoll zombies (Ossuary)
  2 jackal zombies (Ossuary)
  A kobold zombie (D:6)
  4 rats
983 creatures vanquished.

Vanquished Creatures (others)
  A boggart (Lair:5)
  An orc wizard (D:6)
2 creatures vanquished.

Grand Total: 985 creatures vanquished

Notes
Turn   | Place    | Note
-------+----------+-------------------------------------------
     0 | D:1      | browni3141 the Demonspawn Cinder Acolyte began the quest
                  | for the Orb.
     0 | D:1      | Reached XP level 1. HP: 18/18 MP: 2/2
   184 | D:1      | Gained mutation: You regenerate a little health from kills.
                  | [demonic ancestry]
   184 | D:1      | Reached XP level 2. HP: 15/24 MP: 3/3
   273 | D:1      | Learned a level 2 spell: Scorch
   628 | D:1      | Reached XP level 3. HP: 22/29 MP: 5/5
   998 | D:2      | Noticed Jessica
  1026 | D:2      | Killed Jessica
  1027 | D:2      | Gained mutation: You regenerate health from kills. [demonic
                  | ancestry]
  1027 | D:2      | Reached XP level 4. HP: 31/37 MP: 6/6
  1086 | D:2      | Reached skill level 4 in Fighting
  1584 | D:2      | Reached skill level 1 in Dodging
  1922 | D:3      | Reached skill level 1 in Armour
  2147 | D:3      | Gained mutation: You have a somewhat thin skeletal
                  | structure. (Dex +2, Stealth+) [demonic ancestry]
  2147 | D:3      | Reached XP level 5. HP: 42/42 MP: 7/7
  2312 | D:3      | Found a sacrificial altar of Ru.
  2446 | D:3      | Found a faded altar of an unknown god.
  3033 | D:4      | Found a bloodstained altar of Trog.
  3206 | D:4      | Gained mutation: A meltable shield of frost defends you.
                  | (SH +0) [demonic ancestry]
  3206 | D:4      | Reached XP level 6. HP: 49/49 MP: 8/8
  3229 | D:4      | Identified the +0 robe of Grace {Rampage Int+3}
  3272 | D:4      | Found a runed translucent door.
  3272 | D:4      | Noticed SnakkuSnakku7's ghost (amateur MfCj)
  3348 | D:4      | Found a hide-covered altar of Uskayaw.
  3349 | D:4      | Found an ancient bone altar of Kikubaaqudgha.
  3514 | D:4      | Found an ornate altar of the Wu Jian Council.
  3532 | D:5      | Entered Level 5 of the Dungeon
  3535 | D:5      | Found a stormy altar of Qazlal.
  3804 | D:5      | Noticed a water moccasin
  3813 | D:5      | Killed a water moccasin
  3814 | D:5      | Reached skill level 5 in Fighting
  3824 | D:5      | Gained mutation: A meltable icy envelope protects you from
                  | harm. (AC +0) [demonic ancestry]
  3824 | D:5      | Reached XP level 7. HP: 32/56 MP: 9/9
  3904 | D:5      | Found a glowing drain.
  3920 | Sewer    | Entered a sewer
  4059 | Sewer    | Found an ancient bone altar of Kikubaaqudgha.
  4074 | Sewer    | Reached skill level 5 in Short Blades
  4089 | Sewer    | Noticed Grinder
  4111 | Sewer    | Gained mutation: Your flesh is cold resistant. (rC+)
                  | [potion of mutation]
  4114 | Sewer    | Killed Grinder
  4167 | Sewer    | Gained mutation: You have large cloven feet. [demonic
                  | ancestry]
  4167 | Sewer    | Reached XP level 8. HP: 63/64 MP: 10/10
  4993 | D:6      | HP: 2/64 [sleepcap (19)]
  4998 | D:6      | Reached skill level 6 in Fighting
  5073 | D:6      | Found a runed translucent door.
  5096 | D:6      | Found a basalt altar of Yredelemnul.
  5135 | D:6      | Found Seivijok's Armour Shoppe.
  5271 | D:6      | Found a sand-covered staircase.
  5289 | Ossuary  | Entered an ossuary
  5365 | Ossuary  | Gained mutation: A meltable icy envelope protects you from
                  | harm. (AC +0) [demonic ancestry]
  5365 | Ossuary  | Reached XP level 9. HP: 71/71 MP: 11/11
  6003 | D:6      | Bought a +2 buckler of reflection for 222 gold pieces
  6055 | D:7      | Noticed Jeremiah
  6077 | D:7      | Killed Jeremiah
  6078 | D:7      | Reached skill level 7 in Fighting
  6078 | D:7      | Reached skill level 1 in Shields
  6173 | D:7      | Reached skill level 5 in Armour
  6173 | D:7      | Reached skill level 5 in Dodging
  6202 | D:7      | Found a staircase to the Ecumenical Temple.
  6206 | D:7      | Noticed Dowan
  6207 | D:7      | Noticed Duvessa
  6227 | D:7      | Killed Duvessa
  6238 | D:7      | Killed Dowan
  6803 | D:7      | Paralysed by a hornet for 1 turns
  6818 | D:7      | Paralysed by a hornet for 3 turns
  7156 | D:7      | Noticed Menkaure
  7158 | D:7      | Killed Menkaure
  7159 | D:7      | Reached XP level 10. HP: 79/79 MP: 12/12
  7773 | D:8      | Noticed Prince Ribbit
  7803 | D:8      | Killed Prince Ribbit
  8464 | D:8      | Found a hazy altar of Hepliaklqana.
  8465 | D:8      | Found a faded altar of an unknown god.
  8733 | D:9      | Found an iron altar of Okawaru.
  8805 | D:9      | Reached skill level 8 in Fighting
  9087 | D:9      | Found an opulent altar of Gozag.
  9087 | D:9      | Found a sparkling altar of Nemelex Xobeh.
  9476 | D:10     | Entered Level 10 of the Dungeon
  9548 | D:10     | Gained mutation: You have a moderately thin skeletal
                  | structure. (Dex +4, Stealth++) [demonic ancestry]
  9548 | D:10     | Reached XP level 11. HP: 69/87 MP: 13/13
  9583 | D:10     | Reached skill level 10 in Short Blades
  9811 | D:10     | Found Caurixai's Antique Armour Shoppe.
 10031 | D:10     | Found a staircase to the Orcish Mines.
 10529 | D:11     | Reached skill level 9 in Fighting
 10567 | D:11     | Noticed a two-headed ogre
 10844 | D:11     | Noticed Erica
 11022 | D:11     | Noticed a two-headed ogre
 11049 | D:10     | Killed a two-headed ogre
 11165 | D:11     | Got the Vademecum on Allied Coordinates
 11417 | D:11     | Killed a two-headed ogre
 11437 | D:11     | Killed Erica
 11438 | D:11     | Reached skill level 5 in Shields
 12117 | D:11     | Found a staircase to the Lair.
 12459 | D:6      | Bought a +0 cloak for 54 gold pieces
 12608 | Lair:1   | Entered Level 1 of the Lair of Beasts
 12634 | Lair:1   | Reached skill level 10 in Fighting
 12837 | Lair:1   | Gained mutation: Your magical and physical power is
                  | slightly enhanced at high health. [demonic ancestry]
 12837 | Lair:1   | Reached XP level 12. HP: 92/98 MP: 14/14
 13185 | Lair:1   | Reached skill level 11 in Fighting
 13193 | Lair:1   | Paralysed by a hornet for 2 turns
 14099 | Lair:2   | Found a staircase to the Snake Pit.
 14297 | Lair:2   | Reached skill level 10 in Armour
 14517 | Lair:2   | Noticed a death yak
 14519 | Lair:2   | Noticed a death yak
 14751 | Lair:2   | Reached skill level 12 in Fighting
 14934 | Lair:2   | Noticed a death yak
 14954 | Lair:2   | Noticed a death yak
 14959 | Lair:2   | Noticed a death yak
 14979 | Lair:2   | Killed a death yak
 14998 | Lair:2   | Killed a death yak
 15008 | Lair:2   | Killed a death yak
 15023 | Lair:2   | Killed a death yak
 15034 | Lair:2   | Killed a death yak
 15035 | Lair:2   | Gained mutation: You have hoof-like feet. [demonic
                  | ancestry]
 15035 | Lair:2   | Reached XP level 13. HP: 77/109 MP: 15/15
 15431 | Lair:2   | Reached skill level 13 in Fighting
 15844 | Lair:3   | Noticed Rupert
 15891 | Lair:3   | Killed Rupert
 16185 | Lair:3   | Found a staircase to the Swamp.
 16909 | Lair:4   | Reached skill level 14 in Fighting
 17201 | Lair:4   | Found a viscous altar of Jiyva.
 17410 | Lair:4   | Found a runed translucent door.
 17410 | Lair:4   | Found a shimmering altar of Xom.
 17410 | Lair:4   | Noticed wingedge's ghost (journeyman DgEE)
 17970 | Lair:5   | Entered Level 5 of the Lair of Beasts
 17970 | Lair:5   | Found a gate leading to a gauntlet.
 18126 | Lair:5   | Gained mutation: Your magical and physical power is
                  | enhanced at high health. [demonic ancestry]
 18126 | Lair:5   | Reached XP level 14. HP: 120/121 MP: 16/16
 18358 | D:9      | Fell from the grace of Ignis
 18358 | D:9      | Became a worshipper of Gozag Ym Sagoz the Greedy
 18795 | Lair:5   | Reached skill level 15 in Fighting
 18798 | Lair:5   | Noticed Wisaq's ghost (journeyman HOFi)
 18800 | Lair:5   | Found a transporter.
 18804 | Lair:5   | Found a one-way gate to the infinite horrors of the Abyss.
 18903 | Lair:5   | Found a transporter.
 20351 | Orc:1    | Entered Level 1 of the Orcish Mines
 20611 | Orc:1    | Found Nek Vuyr's Magic Scroll Shoppe.
 20623 | Orc:1    | Noticed Snorg
 20638 | Orc:1    | Killed Snorg
 20842 | Orc:2    | Entered Level 2 of the Orcish Mines
 21124 | Orc:2    | Noticed Erolcha
 21137 | Orc:2    | Noticed an orc warlord
 21140 | Orc:2    | Reached skill level 16 in Fighting
 21150 | Orc:2    | Killed an orc warlord
 21156 | Orc:2    | Killed Erolcha
 21191 | Orc:2    | Noticed Urug
 21207 | Orc:2    | Found Coggun's Antique Armour Boutique.
 21217 | Orc:2    | Killed Urug
 21225 | Orc:2    | Found Wiorystri's Jewellery Boutique.
 21394 | Orc:2    | Found a staircase to the Elven Halls.
 21919 | Orc:2    | Found Effer's General Store.
 21949 | Orc:2    | Found Baxielal's Antique Weapon Boutique.
 22251 | Orc:2    | Bought an ancient helmet for 218 gold pieces
 22251 | Orc:2    | Identified the +0 helmet of Defiance {Slay+5} (You bought
                  | it in a shop on level 2 of the Orcish Mines)
 22293 | Orc:2    | Bought 2 potions of curing for 90 gold pieces
 22293 | Orc:2    | Bought a scroll of identify for 30 gold pieces
 22293 | Orc:2    | Bought a wand of roots (5) for 180 gold pieces
 22293 | Orc:2    | Bought a potion of haste for 150 gold pieces
 22499 | Orc:2    | Bought the necklace of Bloodlust {Fury *Rage Will++ Int-3
                  | Slay+6} for 453 gold pieces
 22499 | Orc:2    | Found the necklace of Bloodlust {Fury *Rage Will++ Int-3
                  | Slay+6}
 22709 | D:12     | Reached XP level 15. HP: 132/132 MP: 17/17
 22711 | D:12     | Reached skill level 15 in Armour
 22722 | D:12     | Noticed a frost giant
 22738 | D:12     | You fall into a shaft and drop 3 floors!
 22738 | D:15     | Entered Level 15 of the Dungeon
 22738 | D:15     | Was forgiven by Ignis
 23105 | D:13     | Reached skill level 17 in Fighting
 23304 | D:12     | Killed a frost giant
 23422 | D:12     | Noticed a fire giant
 23428 | D:12     | Killed a fire giant
 24934 | D:13     | Found a gate to the Vaults.
 25674 | D:14     | Reached skill level 18 in Fighting
 25686 | D:14     | Noticed Frances
 25696 | D:14     | Killed Frances
 25746 | D:14     | Found an opulent altar of Gozag.
 25758 | D:14     | Found an opulent altar of Gozag.
 25759 | D:14     | Found an opulent altar of Gozag.
 25826 | D:14     | Found an opulent altar of Gozag.
 26273 | D:15     | Found a staircase to the Depths.
 26797 | Snake:1  | Entered Level 1 of the Snake Pit
 26805 | Snake:1  | Reached XP level 16. HP: 144/144 MP: 18/18
 28358 | Snake:2  | Found a hide-covered altar of Uskayaw.
 28381 | Snake:2  | Found a transporter.
 28384 | Snake:2  | Noticed mif's ghost (journeyman MiBe)
 28440 | Snake:2  | Found a transporter.
 28445 | Snake:2  | Noticed Mlioglotl
 28452 | Snake:2  | Killed Mlioglotl
 28729 | Snake:2  | Identified the +8 falchion of Responsibility {heavy, rC-
                  | MP+9 Str+3}
 30369 | Snake:3  | Noticed Vashnia
 30390 | Snake:3  | Killed Vashnia
 30417 | Snake:3  | Reached skill level 19 in Fighting
 30741 | Snake:3  | Noticed Asterion
 30758 | Snake:3  | Killed Asterion
 31550 | Snake:3  | Identified the serpent talisman "Duleseag" {*Slow Will+
                  | Int+3 Slay+3}
 31550 | Snake:3  | Noticed Aizul
 31561 | Snake:3  | Killed Aizul
 31566 | Snake:3  | Reached XP level 17. HP: 153/153 MP: 19/19
 31811 | Snake:4  | Entered Level 4 of the Snake Pit
 31904 | Snake:4  | Found Qootoin's Antique Armour Boutique.
 31906 | Snake:4  | Found Zuaseirif's Jewellery Shop.
 31908 | Snake:4  | Found Millozun's Distillery.
 32751 | Snake:4  | Demolished by a naga

Illustrated notes

Levels and vault maps discovered:
D:1:      minmay_arrival_jagged, layout_rooms
D:2:      layout_basic, minmay_worlds_worst_comb, uniq_jessica
D:3:      minmay_recursive_quarters, layout_loops_cross,
          mainiacjoe_overflow_tiny_flanked, serial_co_window_serial,
          co_window_corner_a, co_window_corner_a, co_window_corner_a,
          co_window_paths_a, co_window_paths_a, co_window_paths_b,
          co_window_corner_a, co_window_of_opportunity_b, co_window_broadway_c,
          co_window_broadway_a, glass_columns_b, glass_columns_a,
          dreamdust_ecumenical_altar_grove
D:4:      layout_cave_pools, mainiacjoe_overflow_chevrons, minitemple,
          gammafunk_ghost_grave
D:5:      layout_loops_corners, mainiacjoe_overflow_alcove_2,
          portal_sewer_entry_b, chequers_serial_rivers_small_b,
          amcnicky_mini_rare_corridor_liquid
D:6:      layout_rooms, dk_yredelemnul_ordeal, serial_shops, shop,
          mainiacjoe_ossuary_entry_find_the_door, grunt_ministairs_2,
          serial_library_hellmonk_small_alcove
D:7:      layout_layer_cave, minmay_temple_entry_arrows, uniq_duvessa,
          uniq_menkaure, uniq_jeremiah
D:8:      layout_loops_ring, beargit_hepliaklqana_dungeon_heroes,
          mainiacjoe_overflow_alcove_1, uniq_prince_ribbit1
D:9:      layout_rooms, grunt_temple_overflow_opulence,
          okawaru_ov_weapons_minmay
D:10:     layout_gridville, minmay_orc_entry_guard_dogs, serial_shops, shop
D:11:     layout_basic, david_lair_shrubbed, uniq_erica
D:12:     minmay_bad_star, layout_loops_ring,
          portal_ice_cave_entry_ice_simulacra
D:13:     layout_small_grid, hangedman_vaults_entry_quadrant_bands
D:14:     layout_roguey, nicolae_gozag_conspicuous_consumption, uniq_frances
D:15:     hangedman_depths_entry_try_elsewhere_first, layout_long_grid,
          grunt_decor_resistance
Lair:1:   layout_layer_cave, chequers_serial_rivers_micro_e, dreamdust_wasp_nest
Lair:2:   layout_regular_city, minmay_snake_entry_guardpost_small
Lair:3:   layout_cave_pods, swamp_mist_pool, uniq_rupert
Lair:4:   layout_cave_pods, minmay_slime_entry_oklob_open, ebering_ghost_xom,
          grunt_megastairs_1, lemuel_fruit_tree, serial_bayou_shore_a
Lair:5:   minmay_lair_end_enchanted_forest, layout_cave_pods,
          gauntlet_entry_generic, gammafunk_ghost_abyssal_escape
Snake:1:  layout_misc_corridors
Snake:2:  layout_layer_cave, basic_altar, gammafunk_ghost_arena,
          nicolae_triple_integral, uniq_mlioglotl
Snake:3:  layout_honeycomb, drop_trap, hangedman_snake_corridor_cut,
          uniq_asterion, uniq_aizul, uniq_vashnia
Snake:4:  snake_pit_salamanders_mu, layout_layer_cave, minmay_shop_star
Orc:1:    layout_caves, serial_shops, shop,
          nicolae_orc_all_along_the_watchtower, uniq_snorg
Orc:2:    grunt_orc_cross, layout_caves

Skill      XL: |  1  2  3  4  5  6  7  8  9 10 11 12 13 14 15 16 17 |
---------------+----------------------------------------------------+-----
Short Blades   | 3 4 5 7 8 9 10 | 10.0
Fighting       | 4 5 6 7 8 10 12 14 16 18 19 | 19.5
Dodging        | 1 2 3 4 5 6 7 9 |  9.8
Armour         | 1 2 3 4 5 6 8 11 13 14 16 17 | 17.7
Shields        | 3 5 7 8 |  8.5
Spellcasting   | |  1.3
Fire Magic     | |  2.9

Action                     |  1- 3 |  4- 6 |  7- 9 | 10-12 | 13-15 | 16-18 || total
---------------------------+-------+-------+-------+-------+-------+-------++-------
  Melee: Short sword       |   221 |   199 |   599 |  1237 |  1653 |   560 ||  4469
         Mace              |       |    68 |     7 |     6 |       |       ||    81
         Rapier            |       |     7 |       |       |       |       ||     7
         Punch             |       |       |     5 |       |       |       ||     5
         Kick              |       |       |   145 |   475 |   701 |   238 ||  1559
  Throw: Dart              |       |       |       |     6 |    19 |     8 ||    33
 Invoke: Fiery Armour      |     1 |     1 |     4 |     4 |     2 |       ||    12
         Rising Flame      |       |       |       |     1 |       |       ||     1
         Potion Petition   |       |       |       |       |     1 |     7 ||     8
  Evoke: Wand              |       |       |     1 |     4 |     2 |       ||     7
    Use: Potion            |       |       |     3 |     3 |     6 |       ||    12
         Scroll            |       |       |       |       |    14 |     2 ||    16
   Stab: Sleeping          |     1 |       |       |       |       |       ||     1
         Paralysed         |       |       |     2 |     1 |     4 |       ||     7
         Invisible         |       |       |       |       |    12 |       ||    12
         Petrifying        |       |       |       |       |     1 |       ||     1
         Petrified         |       |       |       |       |     1 |       ||     1
         Distracted        |       |       |       |       |     2 |     2 ||     4
 Armour: Robe              |    79 |       |       |       |       |       ||    79
         Chain mail        |    68 |   248 |   341 |   569 |   536 |   264 ||  2026
  Dodge: Dodged            |    89 |   106 |   132 |   366 |   645 |   219 ||  1557
  Block: Other             |       |     7 |    48 |       |       |       ||    55
         Buckler           |       |       |    49 |   433 |   575 |   211 ||  1268
         Reflection        |       |       |     1 |     6 |    37 |    38 ||    82
